 Dungeon Crawl Stone Soup version 0.8.0-a0-4266-gf442e38 character file.

1315826 Cruella the Eclecticist (level 20, 95/95 HPs)
             Began as a Felid Crusader on Dec 21, 2010.
             Was the Champion of Vehumet.
             Escaped with the Orb
             ... and 3 runes (of 3 types) on Jan 6, 2011!
             The game lasted 10:40:40 (77050 turns).

Cruella the Eclecticist (Felid Crusader)           Turns: 77050, Time: 10:40:41

HP  95/95        AC  3     Str 16 Exp: 20/481186 (0), need: 48313
MP  25/36        EV 29     Int 19      God: Vehumet [******]
Gold 162         SH  0     Dex 16      Spells: 14 memorised,  0 levels left
Lives: 2, deaths: 3

Res.Fire  : + . .   See Invis. : +     - Unarmed
Res.Cold  : + . .   Warding    : .   (armour unavailable)
Life Prot.: . . .   Conserve   : .   (shield unavailable)
Res.Acid. : . . .   Res.Corr.  : .   (helmet unavailable)
Res.Poison: +       Clarity    : .   (cloak unavailable)
Res.Elec. : .       Spirit.Shd : .   (gloves unavailable)
Sust.Abil.: . .     Stasis     : .   (boots unavailable)
Res.Mut.  : .       Ctrl.Telep.: +   z - amulet of Cumal {cFly +Blink rPois rF+ Int Res.Rott. : . Levitation : + a - ring of teleport control Saprovore : . . . Ctrl.Flight: + L - +6 ring of strength

@: repel missiles, flying, very slightly glowing, very quick, extraordinarily
resistant to hostile enchantments, very stealthy
A: paw claws, no armour, no advanced items, fangs 3, see invisible, berserk 1,
carnivore 3, deformed body 1, deterioration 1, speed 1, -10% mp, magic
resistance 2, mutation resistance 2, sense surroundings 1, slow metabolism 2, AC
+3, Str +1
a: Renounce Religion, Evoke Blink


You escaped.
You worshipped Vehumet.
Vehumet was exalted by your worship.
You were completely stuffed.

You visited 10 branches of the dungeon, and saw 72 of its levels.
You visited the Abyss 1 time.
You visited 3 Labyrinths.
You visited 3 portal chambers: bailey, ice cave, trove.

You collected 8173 gold pieces.
You spent 8031 gold pieces at shops.

Inventory:

Comestibles
 k - 8 royal jellies
Scrolls
 b - 5 scrolls of teleportation
 l - 4 scrolls of fear
 n - 4 scrolls of fog
 w - 5 scrolls of remove curse
 C - a scroll of magic mapping
 N - 2 scrolls of blinking
Jewellery
 a - a ring of teleport control (right paw)
 e - the ring of Circularity {rC+ Str+2 Dam+2}
   (You found it on level 5 of the Shoals)

   [ring of protection from cold]

   It affects your strength (+2).
   It affects your damage-dealing abilities (+2).
 g - an uncursed ring of sustain abilities
 h - the amulet of Life {Stasis Hunger+ Dam+1}
   (You found it on level 2 of the Swamp)

   [amulet of stasis]

   It affects your damage-dealing abilities (+1).
   It greatly speeds your metabolism.
 o - an uncursed amulet of clarity
 p - an uncursed ring of protection from cold
 s - an uncursed ring of life protection
 t - an uncursed amulet of resist mutation
 v - an uncursed ring of teleportation
 x - an uncursed ring of wizardry
 y - an uncursed ring of protection from fire
 z - the amulet of Cumal (around neck) {cFly +Blink rPois rF+ Int-2 Dam+2 Stlth--}
   (You bought it in a shop on level 6 of the Dungeon)

   [amulet of controlled flight]

   It affects your intelligence (-2).
   It affects your damage-dealing abilities (+2).
   It protects you from fire.
   It protects you from poison.
   It lets you blink.
   It makes you much less stealthy.
 G - an uncursed amulet of resist corrosion
 I - an uncursed ring of protection from magic
 J - the ring of Greater Demons {Ice rPois Int+4}
   (You found it in an ice cave)

   [ring of ice]

   It affects your intelligence (+4).
   It protects you from poison.
 K - a +6 ring of intelligence
 L - a +6 ring of strength (left paw)
 Q - the ring "Amatha" {rPois Acc+4 Dam+2}
   (You found it on level 8 of the Vaults)

   [ring of slaying]

   It affects your accuracy (+4).
   It affects your damage-dealing abilities (+2).
   It protects you from poison.
Potions
 d - a potion of decay
 f - 10 potions of confusion
 j - 3 potions of magic
 m - 9 potions of degeneration
 q - 9 potions of healing
 u - 4 potions of speed
 A - a potion of cure mutation
 D - 3 potions of might
 F - 2 potions of agility
 H - 5 potions of restore abilities
Books
 i - a book of Annihilations {god gift}

   WARNING:   If you fail in an attempt to memorise a spell from this book, the
   book will lash out at you.

   Spells                             Type                      Level
   Poison Arrow                       Conjuration/Poison           6
   Orb of Destruction                 Conjuration                  7
   Chain Lightning                    Conjuration/Air              8
   Lehudib's Crystal Spear            Conjuration/Earth            8
   Ice Storm                          Conjuration/Ice              9
   Fire Storm                         Conjuration/Fire             9
 E - a manual of Summonings
 O - a book of the Warp

   Spells                             Type                      Level
   Banishment                         Translocation                4
   *Phase Shift                       Translocation                5
   Passage of Golubria                Translocation                5
   Warp Weapon                        Enchantment/Translocation    5
   Dispersal                          Translocation                6
   *Controlled Blink                  Translocation                7
 R - a book of Demonology {god gift}

   WARNING:   If you fail in an attempt to memorise a spell from this book, the
   book will lash out at you.

   Spells                             Type                      Level
   Demonic Horde                      Summoning                    6
   Haunt                              Necromancy/Summoning         7
   Summon Greater Demon               Summoning                    7
   Malign Gateway                     Summoning/Translocation      7
   Summon Horrible Things             Summoning                    8
Orbs of Power
 c - the Orb of Zot
Miscellaneous
 r - a decaying rune of Zot
 B - a barnacled rune of Zot
 P - a silver rune of Zot You had 0 experience left.


   Skills:
 - Level 11 Fighting
 - Level 2 Throwing
 - Level 14 Dodging
 + Level 11 Stealth
 - Level 7 Stabbing
 - Level 8 Traps & Doors
 - Level 14 Unarmed Combat
 - Level 15 Spellcasting
 - Level 10 Conjurations
 - Level 12 Enchantments
 - Level 7 Necromancy
 + Level 14 Translocations
 - Level 10 Transmutations
 - Level 3 Fire Magic
 - Level 9 Ice Magic
 - Level 7 Air Magic
 - Level 3 Poison Magic


You couldn't memorise any spells.
You knew the following spells:

 Your Spells              Type           Power        Success   Level  Hunger
a - Phase Shift           Tloc           #######...   Excellent   5    Choko
b - Teleport Self         Tloc           N/A          Excellent   5    Choko
c - Confusing Touch       Ench           #######...   Excellent   1    None
d - Blink                 Tloc           N/A          Excellent   2    None
e - Evaporate             Fire/Trmt      ######....   Excellent   2    None
f - Freezing Cloud        Ice/Air/Conj   ######....   Great       6    Honeycomb
l - Flight                Air/Ench       ######....   Excellent   4    None
m - Repel Missiles        Air/Ench       ######....   Excellent   2    None
o - Ozocubu's Armour      Ice/Ench       #######...   Excellent   3    None
r - Regeneration          Ench/Necr      ######....   Excellent   3    None
s - Sublimation of Blood  Necr           ######....   Excellent   2    None
x - Swiftness             Air/Ench       ######....   Excellent   2    None
B - Blade Hands           Trmt           #######...   Excellent   5    Choko
C - Controlled Blink Tloc N/A            Very         Good        7    Ration

Dungeon Overview and Level Annotations

Branches:
Dungeon (27/27)            Temple (1/1) D:6             Orc (4/4) D:9
    Elf (7/7) Orc:3          Lair (8/8) D:13          Swamp (5/5) Lair:3
 Shoals (5/5) Lair:3        Slime (0/6) Lair:6         Hive (2/2) D:11
  Vault (8/8) D:19          Blade (0/1) Vault:4       Crypt (0/5) Vault:3
    Zot (5/5) D:27

Altars:
Ashenzari
Cheibriados
Elyvilon
Fedhas
Kikubaaqudgha
Makhleb
Nemelex Xobeh
Okawaru
Sif Muna
The Shining One
Trog
Vehumet
Xom
Yredelemnul
Zin
Beogh
Jiyva

Shops:
D:6: =*(* D:7: ! D:16: [ Elf:1: + Elf:2: * Elf:3: ( Elf:6: [ Elf:7: / Shoals:3: [=% Vault:1: +=[*( Vault:3: / Vault:4: ( Vault:5: ? Vault:6: ( Vault:7: /(

Portals:
Hell: D:21 D:22 D:23 D:24 D:25 D:27 Lair:8
Pan: D:24 Glowing drain: Shoals:5

Annotations
D:2 exclusion: 4 flame clouds
D:8 exclusion: orange crystal statue
D:10 exclusion: silver statue
D:17 exclusion: Roxanne
D:23 exclusion: downstairs
D:24 exclusions: lich and upstairs
Elf:7 1 exclusion
Lair:6 exclusion: Rupert
Lair:7 1 exclusion
Shoals:2 exclusion: Nikola
Vault:4 exclusion: lich
Vault:5 exclusion: 13 poison gas clouds
Vault:6 exclusions: 2 Mennas and upstairs
Zot:1 exclusion: storm dragon


Innate Abilities, Weirdness & Mutations

You cannot wear armour.
You are incapable of any advanced item manipulation.
Your paws have sharp claws.
You have razor-sharp teeth.
You have supernaturally acute eyesight.
You are carnivorous and can eat meat at any time.
You cover ground quickly.
Your thick and shaggy fur keeps you warm (AC +3, rC+).
You have a slow metabolism.
You tend to lose your temper in combat.
Armour fits poorly on your unusually shaped body.
Your body is slowly deteriorating.
Your magical capacity is low (-10% MP).
You are highly resistant to hostile enchantments.
You are somewhat resistant to both further mutation and mutation removal.
You passively map a small area around you.
Your muscles are strong (Str +1).


Message History

Cast which spell? (? or * to list)
You feel strangely unstable.
You may choose your destination (press '.' or delete to select).
Expect minor deviation.
There is a stone staircase leading up here.
Are you sure you want to leave the Dungeon?
You have escaped!

............#####.....(.......##
..##.########.......#######.....
..##.# ##......###.......###..
.###.# #....###(............##
.# #.# ##...#....(.#######.....
.###.####...#..<..### * ###..<
..##........#....## ##..
..##.####..(#....## ##.. ..##.#
#...#..@..### * ###..<
..##.#####...#......#######.....
.........#....###.............##
####.###.##......###.......###..
#.# #..###.......#######.....
#.# ##...#####.............##
#.# ###.....###############.
####.##########.................
#.........# ########.#########


There were no monsters in sight!

Vanquished Creatures
  Saint Roka (D:17)
  Margery (Vault:7)
  A sphinx (D:24)
  Kirke (D:18)
  Agnes (D:17)
  Frances (Swamp:4)
  Ilsuiw (Shoals:5)
  Wiglaf (D:18)
  Louise (Elf:7)
  2 fire giants
  A tentacled monstrosity (Zot:5)
  A draconian zealot (Zot:5)
  A draconian scorcher (Zot:5)
  Gastronok (D:11)
  2 stone giants
  A draconian caller (Zot:5)
  Jozef (D:12)
  A black draconian (Zot:5)
  3 deep elf sorcerers
  A red draconian (Zot:5)
  A titan zombie (Vault:2)
  2 ettins
  Snorg (Swamp:2)
  3 minotaurs (Lab)
  3 dragons
  6 death oozes (D:17)
  3 great orbs of eyes
  3 sirens (Shoals:5)
  17 yaktaur captains
  A death cob (Zot:5)
  6 merfolk aquamancers
  8 vault guards (Vault:8)
  Erica (D:13)
  3 merfolk javelineers (Shoals:5)
  2 wizards
  12 hydras
  Nessos (D:12)
  7 ogre magi
  4 merfolk impalers (Shoals:5)
  A draconian (shapeshifter) (Elf:5)
  A sphinx zombie (D:20)
  7 death yaks
  5 alligators
  A rakshasa (D:19)
  A frost giant zombie (Vault:3)
  3 stone giant zombies
  Nergalle (Swamp:3)
  6 deep trolls (Vault:6)
  9 centaur warriors
  2 frost giant skeletons
  24 deep elf knights
  5 stone giant skeletons
  An iron troll (Vault:7)
  A death drake (shapeshifter) (Vault:2)
  7 griffons
  A sun demon (Lair:8)
  5 skeletal warriors
  A soul eater (Vault:2)
  2 hell knights (Vault:7)
  A flayed ghost (Vault:7)
  16 orc knights
  A storm dragon skeleton (Vault:5)
  5 sea snakes
  An unseen horror (D:14)
  3 swamp dragons (Swamp:5)
  4 ice statues
  2 iron troll zombies
  A harpy zombie (D:22)
  Pikel (D:6)
  A hellion (Elf:6)
  5 necromancers
  An elf (shapeshifter) (Elf:5)
  A hill giant (D:19)
  A vampire mage (Vault:3)
  A giant amoeba (D:16)
  Joseph (D:7)
  3 orc sorcerers
  Urug (Elf:4)
  23 harpies
  2 phantasmal warriors (Vault:7)
  2 red wasps
  9 cyclopes
  A shining eye (Lair:6)
  2 iron troll skeletons
  3 spiny worms
  A wolf spider (shapeshifter) (D:20)
  A moth of wrath (Zot:5)
  An ettin zombie (Vault:1)
  2 mimics
  4 black mambas
  5 hellwings (Lair:8)
  A red wasp zombie (D:18)
  24 elephants
  2 portal mimics
  2 elephant slugs
  39 slime creatures
  44 yaktaurs
  2 orange demons
  A wolf spider (D:15)
  6 spiny frogs
  8 rock trolls
  5 ettin skeletons
  A mermaid (shapeshifter) (D:18)
  A yaktaur (shapeshifter) (Vault:6)
  A hill giant zombie (D:16)
  10 trolls
  9 mermaids
  A hill giant skeleton (D:16)
  An iron devil (Swamp:4)
  2 redbacks (Vault:3)
  3 smoke demons
  4 komodo dragons
  3 queen bees
  Prince Ribbit (D:7)
  A redback (shapeshifter) (D:16)
  64 ugly things
  A bog mummy (Swamp:5)
  18 two-headed ogres
  4 snapping turtles (Shoals:5)
  19 giant toads
  A blink frog (shapeshifter) (D:17)
  A rock troll skeleton (D:20)
  A rock troll zombie (Vault:3)
  6 brown oozes (D:17)
  A blue devil (Swamp:4)
  2 demonic crawlers (Vault:5)
  26 yaks
  A ynoxinul (D:10)
  A blink frog zombie (D:18)
  3 neqoxecs
  2 giant blowflies
  3 hungry ghosts
  8 wraiths
  Eustachio (D:12)
  A blink frog skeleton (Vault:3)
  2 hogs (D:18)
  7 deep elf summoners
  16 deep elf conjurers
  4 vampires
  Grum (D:9)
  6 giant blowfly zombies
  2 wyverns
  12 hippogriffs
  A fire crab zombie (D:18)
  A steam dragon (D:10)
  A bear (shapeshifter) (D:18)
  A hill giant simulacrum (D:18)
  The ghost of Cab the Slasher, an average HuPa (D:3)
  16 merfolk
  4 molten gargoyles (Vault:4)
  A soldier ant (D:14)
  3 war dogs (D:9)
  3 fire drakes
  26 deep elf fighters
  2 rock worms
  A hell hound (D:18)
  A draconian simulacrum (Port)
  20 freezing wraiths
  2 yaktaur skeletons
  8 manticores
  28 insubstantial wisps
  2 phantoms
  48 orc warriors
  3 hairy devils
  14 necrophages
  2 queen bee zombies (D:18)
  A red devil (Elf:7)
  17 ice beasts
  9 swamp worms
  2 cyclops skeletons (D:18)
  13 deep elf priests
  5 yellow wasps (Hive:2)
  2 slaves (D:6)
  14 giant goldfish
  3 sky beasts
  Menkaure (D:4)
  A bumblebee zombie (D:18)
  7 swamp drakes
  8 gila monsters
  4 boring beetles
  16 centaurs
  Sigmund (D:6)
  Duvessa (D:4)
  2 big kobolds
  36 ogres
  4 wargs
  4 elf simulacra (Port)
  32 deep elf magi
  3 rotting devils (Lair:8)
  2 small abominations
  7 water moccasins
  15 crocodiles
  2 boulder beetle zombies
  8 giant slugs
  12 giant frogs
  A yellow wasp zombie (D:13)
  A centaur skeleton (D:13)
  6 agate snails
  Blork the orc (D:4)
  8 giant leeches
  An eye of draining (D:14)
  9 boulder beetles
  5 jellyfish
  17 wights
  158 killer bees
  A wolf simulacrum (Port)
  3 yak simulacra (Port)
  4 giant beetles
  A brain worm zombie (D:18)
  2 elf zombies
  2 quasits
  A shadow (D:10)
  4 electric eels
  A centaur simulacrum (Port)
  Dowan (D:4)
  16 imps
  4 scorpions
  A boulder beetle simulacrum (D:18)
  9 hounds
  5 big kobold skeletons
  A hound zombie (D:6)
  36 orc priests
  35 orc wizards
  8 big fish
  A hound skeleton (D:5)
  18 jellies
  A giant ant zombie (D:9)
  58 deep elf soldiers
  12 iguanas
  An orange rat (D:18)
  10 giant ants
  32 sheep
  2 ogre simulacra (Port)
  A worm zombie (D:7)
  Ijyb (D:2)
  A mummy (D:13)
  13 gnolls
  3 lemures
  40 green rats
  2 midges (Swamp:4)
  20 snakes
  A giant centipede zombie (D:18)
  An iguana zombie (D:18)
  A shadow imp (Swamp:4)
  3 giant centipedes
  12 white imps (Port)
  4 giant mites
  4 ufetubi (D:10)
  4 worms
  6 human simulacra (Port)
  Terence (D:2)
  10 grey rats
  12 giant mosquitos
  2 giant eyeballs
  2 giant geckos
  A gnoll skeleton (D:4)
  8 oozes
  A giant cockroach (shapeshifter) (Elf:1)
  21 hobgoblins
  25 jackals
  26 kobolds
  197 orcs
  5 quokkas
  2 small snakes
  45 giant bats
  8 giant cockroaches
  10 giant newts
  A giant newt zombie (D:18)
  35 goblins
  A hobgoblin skeleton (D:13)
  A hobgoblin zombie (D:7)
  57 killer bee larvae
  A kobold zombie (D:6)
  5 orc simulacra (Port)
  4 orc skeletons
  24 orc zombies (Elf:5)
  27 rats
  A bush (Lair:3)
  2 butterflies
  11 fungi
  6 plants
  20 toadstools
2271 creatures vanquished.

Vanquished Creatures (collateral kills)
  3 two-headed ogres
  A hog (D:18)
  A war dog (D:9)
  A human simulacrum (Port)
  An orc warrior (Orc:1)
  A centaur (D:12)
  An ogre (D:23)
  2 killer bees (Lair:1)
  3 orc priests
  An orc wizard (Orc:2)
  26 orcs
  A killer bee larva (Lair:1)
42 creatures vanquished.

Vanquished Creatures (others)
  A yellow draconian (Zot:5)
  A death ooze (D:17)
  7 slime creatures
  2 humans
  A vampire (Vault:3)
  A soldier ant (D:14)
  An ice beast (Vault:2)
  A killer bee (Hive:1)
  A small abomination (D:10)
  A hound zombie (D:17)
  A shadow (D:13)
  A gnoll (Port)
  2 green rats
  2 orcs
  A quokka (D:4)
  2 kobolds (Port)
  4 rats
  2 fungi
  53 toadstools
85 creatures vanquished.

Grand Total: 2398 creatures vanquished

Notes
Turn   | Place    | Note
--------------------------------------------------------------
     0 | D:1      | Cruella, the Felid Crusader, began the quest for the Orb.
     0 | D:1      | Reached XP level 1. HP: 10/10 MP: 1/1
   340 | D:1      | Reached XP level 2. HP: 11/13 MP: 2/3
   426 | D:1      | Reached skill level 1 in Stealth
  1062 | D:1      | Reached skill level 1 in Stabbing
  1416 | D:2      | Noticed Terence
  1545 | D:2      | Reached XP level 3. HP: 16/18 MP: 4/5
  1550 | D:2      | Learned a level 3 spell: Berserker Rage
  1674 | D:2      | Found a radiant altar of Vehumet.
  1691 | D:2      | Became a worshipper of Vehumet
  1693 | D:2      | Noticed Ijyb
  1761 | D:2      | Gained mutation: Your mind is acute (Int +1).
  1781 | D:2      | Defeated Ijyb
  1846 | D:2      | Learned a level 3 spell: Regeneration
  1935 | D:2      | Reached XP level 4. HP: 21/21 MP: 6/7
  2216 | D:2      | Defeated Terence
  2605 | D:3      | Reached skill level 1 in Necromancy
  2616 | D:3      | Reached skill level 4 in Enchantments
  3023 | D:3      | Acquired Vehumet's first power
  3338 | D:3      | Reached XP level 5. HP: 26/26 MP: 5/9
  3440 | D:3      | Noticed Cab's ghost (average HuPa)
  3448 | D:3      | Defeated Cab's ghost
  3478 | D:3      | Learned a level 2 spell: Repel Missiles
  3480 | D:3      | Reached skill level 5 in Enchantments
  3636 | D:3      | Gained mutation: You are covered in thick fur (AC +2).
  3636 | D:3      | Reached XP level 6. HP: 29/29 MP: 8/11
  3952 | D:4      | Noticed Duvessa
  3953 | D:4      | Noticed Dowan
  4055 | D:4      | Found a bloodstained altar of Trog.
  4068 | D:4      | Defeated Duvessa
  4076 | D:3      | Reached skill level 5 in Unarmed Combat
  4119 | D:4      | Reached skill level 6 in Enchantments
  4122 | D:4      | Defeated Dowan
  4650 | D:4      | Acquired Vehumet's second power
  4922 | D:4      | Reached skill level 7 in Enchantments
  5056 | D:4      | Noticed Menkaure
  5059 | D:4      | Defeated Menkaure
  5059 | D:4      | Reached XP level 7. HP: 34/34 MP: 10/13
  5539 | D:4      | Noticed Blork the orc
  5549 | D:4      | Defeated Blork the orc
  5695 | D:5      | Entered Level 5 of the Dungeon
  6107 | D:5      | Found a deep blue altar of Sif Muna.
  6268 | D:5      | Learned a level 1 spell: Magic Dart
  6384 | D:6      | Reached XP level 8. HP: 37/37 MP: 9/15
  6420 | D:6      | Found Phevug's Weapon Shop.
  6448 | D:6      | Reached skill level 1 in Conjurations
  6516 | D:6      | Noticed Sigmund
  6566 | D:6      | Acquired Vehumet's third power
  6738 | D:6      | Found Yghaw's General Store.
  6741 | D:6      | Bought a potion of speed for 30 gold pieces
  6741 | D:6      | Bought a potion of healing for 24 gold pieces
  6741 | D:6      | Bought a scroll of immolation for 1 gold piece
  6741 | D:6      | Bought a potion of healing for 24 gold pieces
  6839 | D:6      | Reached skill level 8 in Unarmed Combat
  7029 | D:6      | Noticed Pikel
  7080 | D:6      | Defeated Pikel
  7162 | D:6      | Defeated Sigmund
  7331 | D:6      | Found Fyocvy's General Store.
  7340 | D:6      | Bought a cursed ring of hunger for 1 gold piece
  7340 | D:6      | Bought a scroll of curse armour for 1 gold piece
  7340 | D:6      | Bought a potion of poison for 1 gold piece
  7347 | D:6      | Found a staircase to the Ecumenical Temple.
  7382 | Temple   | Entered the Ecumenical Temple
  7479 | Temple   | Gained mutation: Your body is slowly deteriorating.
  7479 | Temple   | Gained mutation: You passively map a small area around you.
  7480 | Temple   | Gained mutation: Your system is resistant to poisons.
  7480 | Temple   | Gained mutation: You are agile (Dex +1).
  7481 | Temple   | Gained mutation: You are somewhat resistant to further mutation.
  7481 | Temple   | Gained mutation: You are somewhat resistant to both further mutation and mutation removal.
  7620 | D:6      | Found Wassar's Jewellery Shoppe.
  7626 | D:6      | Reached XP level 9. HP: 41/41 MP: 14/17
  7655 | D:6      | Learned a level 3 spell: Mephitic Cloud
  7662 | D:6      | Bought a cursed -2 ring of strength for 1 gold piece
  8014 | D:7      | Noticed Joseph
  8029 | D:7      | Reached skill level 9 in Unarmed Combat
  8035 | D:7      | Defeated Joseph
  8041 | D:7      | Reached skill level 5 in Dodging
  8304 | D:7      | Reached skill level 5 in Conjurations
  8408 | D:7      | Noticed Prince Ribbit
  8446 | D:7      | Acquired Vehumet's fourth power
  8535 | D:7      | Defeated Prince Ribbit
  8550 | D:7      | Reached skill level 1 in Traps & Doors
  8584 | D:7      | Found Schaubax's Distillery.
  8592 | D:7      | Bought 2 potions of heal wounds for 72 gold pieces
  8592 | D:7      | Bought a potion of might for 30 gold pieces
  8593 | D:7      | Bought a potion of restore abilities for 60 gold pieces
  8714 | D:8      | Reached skill level 1 in Air Magic
 10023 | D:9      | Reached XP level 10. HP: 46/46 MP: 16/19
 10041 | D:9      | Noticed Grum
 10074 | D:9      | Defeated Grum
 10379 | D:9      | Reached skill level 5 in Fighting
 10410 | D:9      | Reached skill level 1 in Poison Magic
 10586 | D:9      | Found a staircase to the Orcish Mines.
 10610 | D:9      | Reached skill level 10 in Unarmed Combat
 10649 | D:9      | Learned a level 1 spell: Fulsome Distillation
 10721 | D:9      | Learned a level 2 spell: Evaporate
 10774 | Orc:1    | Entered Level 1 of the Orcish Mines
 11078 | Orc:2    | Reached skill level 1 in Transmutations
 12492 | Orc:2    | Reached skill level 1 in Fire Magic
 12723 | Orc:3    | Noticed a cyclops
 12756 | Orc:3    | Defeated a cyclops
 12941 | Orc:4    | Entered Level 4 of the Orcish Mines
 13092 | Orc:4    | Received a gift from Vehumet
 13111 | Orc:4    | Reached XP level 11. HP: 56/56 MP: 20/21
 13272 | Orc:4    | Found a roughly hewn altar of Beogh.
 13286 | Orc:4    | Reached skill level 5 in Transmutations
 13592 | Orc:4    | Reached skill level 1 in Throwing
 14823 | D:10     | Entered Level 10 of the Dungeon
 15698 | D:11     | Noticed Gastronok
 15726 | D:11     | Defeated Gastronok
 15797 | D:11     | Found a flagged portal. 15816
                  | bailey
                  | Entered the bailey
 16378 | D:11     | Found a staircase to the Hive.
 16844 | D:11     | Received a gift from Vehumet
 17124 | Hive:1   | Entered Level 1 of the Hive
 17302 | Hive:1   | Reached skill level 5 in Stealth
 17499 | Hive:2   | Entered Level 2 of the Hive
 17505 | Hive:2   | Reached skill level 10 in Dodging
 18019 | Hive:2   | Reached skill level 11 in Unarmed Combat
 18026 | Hive:2   | Gained mutation: Your thick and shaggy fur keeps you warm (AC +3, rC+).
 18026 | Hive:2   | Reached XP level 12. HP: 59/63 MP: 23/23
 18276 | Hive:2   | Received a gift from Vehumet
 18779 | Hive:1   | Learned a level 4 spell: Ice Form
 18844 | D:12     | Noticed Eustachio
 18863 | D:12     | Defeated Eustachio
 18910 | D:12     | Noticed Jozef
 18916 | D:12     | Defeated Jozef
 19141 | D:12     | Noticed Nessos
 19162 | D:12     | Reached skill level 5 in Stabbing
 19162 | D:12     | Defeated Nessos
 19989 | D:6      | Bought an uncursed ring of protection from cold for 252 gold pieces
 19989 | D:6      | Bought an uncursed amulet of resist mutation for 252 gold pieces
 19989 | D:6      | Bought a cursed ring of teleportation for 126 gold pieces
 19989 | D:6      | Bought an uncursed ring of protection from fire for 252 gold pieces
 19989 | D:6      | Bought the amulet of Cumal {cFly +Blink rPois rF+ Int-2 Dam+2 Stlth--} for 478 gold pieces
 20275 | D:13     | Reached skill level 5 in Spellcasting
 20514 | D:13     | Found a staircase to the Lair.
 20555 | D:13     | Noticed Erica
 20579 | D:13     | Defeated Erica
 21115 | D:12     | Received a gift from Vehumet
 21185 | D:13     | Reached skill level 12 in Dodging
 21924 | Lair:1   | Entered Level 1 of the Lair of Beasts
 22373 | Lair:1   | Reached skill level 10 in Fighting
 22989 | Lair:2   | Reached XP level 13. HP: 68/68 MP: 21/27
 23540 | Lair:3   | Found a staircase to the Swamp.
 23905 | Lair:3   | Learned a level 5 spell: Blade Hands
 24142 | Lair:3   | Found a staircase to the Shoals.
 24471 | Lair:4   | Received a gift from Vehumet
 25994 | Lair:6   | Found a staircase to the Slime Pits.
 26093 | Lair:6   | Noticed Rupert
 26286 | Lair:6   | Reached skill level 1 in Ice Magic
 26300 | Lair:6   | Reached skill level 13 in Unarmed Combat
 26932 | Lair:7   | Found a viscous altar of Jiyva.
 27425 | Lair:8   | Entered Level 8 of the Lair of Beasts
 27756 | Lair:5   | Learned a level 3 spell: Ozocubu's Armour
 27773 | Lair:5   | Lost mutation: Your system is resistant to poisons.
 27773 | Lair:5   | Lost mutation: You are agile (Dex +1).
 27773 | Lair:5   | Lost mutation: Your mind is acute (Int +1).
 28101 | Lair:8   | Reached XP level 14. HP: 72/72 MP: 26/30
 28219 | Lair:8   | Slain by a dire elephant
 28326 | Lair:8   | Reached skill level 5 in Traps & Doors
 29154 | Lair:8   | Found a burning altar of Makhleb.
 29293 | Lair:8   | Found a gateway to Hell.
 29302 | Lair:8   | Got a levitating book
 29303 | Lair:8   | Identified Sif Muna's Collected Works on Feathers (You found it on level 8 of the Lair of Beasts)
 29319 | Lair:8   | Learned a level 2 spell: Swiftness
 30219 | D:14     | Reached skill level 5 in Necromancy
 30564 | D:15     | Entered Level 15 of the Dungeon
 30639 | D:15     | Found a sparkling altar of Nemelex Xobeh.
 31409 | D:16     | Reached skill level 10 in Spellcasting
 32133 | D:16     | Found Khaf's Armour Emporium.
 32286 | D:17     | Noticed Saint Roka
 32331 | D:17     | Defeated Saint Roka
 32573 | D:17     | Noticed Agnes
 32605 | D:17     | Reached skill level 5 in Ice Magic
 32628 | D:17     | Defeated Agnes
 32639 | D:17     | Reached XP level 15. HP: 75/75 MP: 23/32
 32912 | D:17     | Reached skill level 14 in Unarmed Combat
 33337 | Lair:1   | Learned a level 4 spell: Throw Icicle
 33465 | Swamp:1  | Entered Level 1 of the Swamp
 34345 | Swamp:2  | Noticed Snorg
 34422 | Swamp:2  | Defeated Snorg
 35160 | Swamp:4  | Noticed Frances
 35186 | Swamp:4  | Defeated Frances
 35191 | Swamp:4  | Gained mutation: You tend to lose your temper in combat.
 35275 | Swamp:5  | Entered Level 5 of the Swamp
 35348 | Swamp:5  | Noticed Maniacuz's ghost (powerful DSIE)
 35720 | Swamp:5  | Got a decaying rune of Zot
 36054 | Swamp:3  | Noticed Nergalle
 36068 | Swamp:3  | Defeated Nergalle
 36339 | Swamp:2  | Noticed Donald
 36730 | Swamp:2  | Got a slimy emerald amulet
 36731 | Swamp:2  | Identified the amulet of Life (You found it on level 2 of the Swamp)
 37382 | D:16     | Reached skill level 10 in Enchantments
 38197 | D:17     | Found a viscous altar of Jiyva.
 38450 | D:17     | Found a portal to a secret trove of treasure.
 38504 | D:17     | Reached XP level 16. HP: 59/75 MP: 30/34
 38788 | D:17     | Noticed Roxanne
 39180 | D:18     | Got an engraved book
 39181 | D:18     | Identified Nergalle's Handbook of Arcane Weapons (You found it on level 18 of the Dungeon)
 39374 | D:18     | Noticed Kirke
 39395 | D:18     | Defeated Kirke
 40180 | D:18     | Noticed Wiglaf
 40195 | D:18     | Defeated Wiglaf
 40275 | D:18     | HP: 1/75 [cyclops (23)]
 40398 | D:18     | You are cast into the Abyss!
 40398 | D:18     | Cast into the Abyss (a Zot trap)
 40398 | Abyss    | Entered The Abyss
 40543 | Abyss    | Noticed a deep dwarf
 40554 | Abyss    | Noticed a deep dwarf artificer
 40555 | Abyss    | Noticed a deep dwarf
 40802 | D:18     | You pass through the gate.
 41378 | D:19     | Reached skill level 5 in Air Magic
 42652 | D:19     | Found a staircase to the Vaults.
 43087 | Vault:1  | Entered Level 1 of the Vaults
 43439 | Vault:1  | Found Ora Fuwk's Book Shop.
 43446 | Vault:1  | Bought a book of Spatial Translocations for 1105 gold pieces
 43446 | Vault:1  | Bought a book of Conjurations [ice] for 510 gold pieces
 43449 | Vault:1  | Learned a level 1 spell: Apportation
 43452 | Vault:1  | Learned a level 2 spell: Blink
 43693 | Vault:1  | Reached skill level 1 in Translocations
 43964 | Vault:1  | Found Chaziuka's Jewellery Boutique.
 44161 | Vault:1  | Reached skill level 5 in Translocations
 44236 | Vault:1  | Found Kefal's Weapon Shoppe.
 44245 | Vault:1  | Reached skill level 10 in Stealth
 44292 | Vault:1  | Found Isuist's Assorted Antiques.
 44392 | Vault:1  | Found Schedoik's Armour Shop.
 44469 | Vault:1  | Reached XP level 17. HP: 20/80 MP: 28/37
 44471 | Vault:1  | HP: 3/120 [harpy (11)]
 44473 | Vault:1  | Slain by a harpy
 44863 | Vault:2  | Found a frozen archway.
 44872 | Vault:2  | Reached XP level 16. HP: 130/136 MP: 18/36
 44882 | Vault:2  | Reached XP level 17. HP: 82/82 MP: 22/37
 45012 | IceCv    | Entered an ice cave
 45542 | IceCv    | Got a pitted brass ring
 45702 | IceCv    | Found an ancient bone altar of Kikubaaqudgha.
 45808 | IceCv    | Learned a level 6 spell: Freezing Cloud
 46013 | Vault:2  | Identified the ring of Greater Demons (You found it in an ice cave)
 46090 | Vault:2  | Reached skill level 10 in Transmutations
 47302 | Vault:3  | Killed from afar by an ogre mage
 47757 | Vault:3  | Found a staircase to the Crypt.
 48358 | Vault:3  | Noticed a deep elf summoner
 48358 | Vault:3  | Noticed a deep elf mage
 48438 | Vault:3  | Defeated a deep elf mage
 48442 | Vault:3  | Defeated a deep elf summoner
 48573 | Vault:3  | Found Jibaan's Magical Wand Shoppe.
 49873 | Vault:1  | Bought a book of Death for 1190 gold pieces
 49912 | Vault:1  | Bought an uncursed ring of protection from magic for 616 gold pieces
 50264 | Lair:1   | Learned a level 2 spell: Sublimation of Blood
 50540 | Shoals:1 | Entered Level 1 of the Shoals
 51038 | Shoals:2 | Noticed Nikola
 51043 | Shoals:2 | Found a labyrinth entrance.
 51067 | Lab      | Entered a Labyrinth
 51546 | Lab      | Reached XP level 18. HP: 88/88 MP: 23/38
 51552 | Lab      | Got an antique book
 51552 | Lab      | Got a rare book
 51552 | Lab      | Got a sparkling golden ring
 51553 | Lab      | Identified Cigotuvi's Guide on Shifting Darkness (You found it in a Labyrinth)
 51553 | Lab      | Identified the Grimoire of Earthen Shape Shifting (You found it in a Labyrinth)
 51555 | Lab      | Identified the ring of Mistrust (You found it in a Labyrinth)
 51610 | Shoals:2 | Reached skill level 10 in Conjurations
 51837 | Shoals:3 | Reached skill level 10 in Translocations
 51940 | Shoals:3 | Found Gaoraeg's Armour Shop.
 51962 | Shoals:3 | Found Ghearr's Jewellery Shop.
 51990 | Shoals:3 | Found Lamaunut's Food Shop.
 53284 | Vault:4  | Found Lyajyn's Weapon Shop.
 53296 | Vault:4  | Found a staircase to the Hall of Blades.
 53869 | Vault:5  | Noticed a deep elf conjurer
 53876 | Vault:5  | Defeated a deep elf conjurer
 54391 | Vault:5  | Found Crai's Magic Scroll Boutique.
 54601 | Vault:6  | Found Teziz's Weapon Boutique.
 54760 | Vault:6  | Found a labyrinth entrance.
 54768 | Vault:6  | Noticed Mennas
 54770 | Lab      | Entered a Labyrinth
 57253 | Vault:6  | Identified a scroll of acquirement
 58368 | Orc:3    | Found a staircase to the Elven Halls.
 58444 | Elf:1    | Entered Level 1 of the Elven Halls
 58467 | Elf:1    | Found a radiant altar of Vehumet.
 58667 | Elf:1    | Found Sawko's Book Shop.
 58728 | Elf:1    | Found a labyrinth entrance.
 58740 | Lab      | Entered a Labyrinth
 59116 | Lab      | Learned a level 1 spell: Confusing Touch
 60098 | Elf:2    | Found Granunega's Assorted Antiques.
 60152 | Elf:2    | Found a bloodstained altar of Trog.
 61106 | Elf:3    | Found Muph's Weapon Emporium.
 61602 | Elf:4    | Noticed Urug
 61953 | Elf:4    | Defeated Urug
 63796 | Elf:6    | Reached XP level 19. HP: 91/91 MP: 30/38
 63982 | Elf:6    | Found Tonlaoney's Armour Emporium.
 64405 | Elf:7    | Entered Level 7 of the Elven Halls
 64482 | Elf:7    | Found Abbus' Magical Wand Boutique.
 64529 | Elf:7    | Noticed Louise
 64540 | Elf:7    | Defeated Louise
 65558 | Orc:3    | Learned a level 4 spell: Dig 66015
                  | trove
                  | Entered a treasure trove
 66342 | Vault:1  | Bought a book of the Warp for 1530 gold pieces
 66667 | Lair:1   | Learned a level 7 spell: Controlled Blink
 66669 | Lair:1   | Gained mutation: Your muscles are strong (Str +1).
 66671 | Lair:1   | Gained mutation: You are resistant to hostile enchantments.
 66671 | Lair:1   | Gained mutation: You are highly resistant to hostile enchantments.
 66674 | Lair:1   | Gained mutation: Your magical capacity is low (-10% MP).
 66684 | Lair:1   | Gained mutation: You need consume almost no food.
 67398 | Vault:7  | Found Nifoorhu's Antique Weapon Shoppe.
 67399 | Vault:7  | Noticed Margery
 67972 | Vault:7  | Defeated Margery
 68418 | Vault:7  | Found Wantuwib's Magical Wand Emporium.
 68698 | Vault:8  | Entered Level 8 of the Vaults
 68704 | Vault:8  | Noticed a bone dragon
 68972 | Vault:8  | Noticed a golden dragon
 68976 | Vault:8  | Got a silver rune of Zot
 68978 | Vault:8  | Got a flickering granite ring
 68992 | Vault:8  | Identified the ring "Amatha" (You found it on level 8 of the Vaults)
 70349 | Elf:1    | Bought a book of Dreams for 1275 gold pieces
 70592 | Lair:1   | Learned a level 4 spell: Flight
 70907 | Shoals:5 | Entered Level 5 of the Shoals
 70909 | Shoals:5 | Got a glittering jade ring
 71015 | Shoals:5 | Noticed Ilsuiw
 71046 | Shoals:5 | Defeated Ilsuiw
 71217 | Shoals:5 | Identified the ring of Circularity (You found it on level 5 of the Shoals)
 71526 | Shoals:5 | Got a graven book
 71527 | Shoals:5 | Identified the Reference Book on the Compass (You found it on level 5 of the Shoals)
 71606 | Shoals:5 | Got a barnacled rune of Zot
 72438 | D:20     | Entered Level 20 of the Dungeon
 72575 | D:20     | Reached XP level 20. HP: 86/95 MP: 27/35
 72796 | D:20     | Reached skill level 15 in Spellcasting
 72803 | D:20     | Learned a level 5 spell: Phase Shift
 73408 | D:23     | Lost mutation: You need consume almost no food.
 73727 | D:24     | Found a one-way gate leading to the halls of Pandemonium.
 73832 | D:25     | Entered Level 25 of the Dungeon
 74253 | D:24     | Found a magical portal.
 74982 | Vault:5  | Bought a scroll of magic mapping for 70 gold pieces
 74982 | Vault:5  | Bought a scroll of magic mapping for 70 gold pieces
 74983 | Vault:5  | Bought a scroll of teleportation for 60 gold pieces
 75878 | D:27     | Entered Level 27 of the Dungeon
 75884 | Zot:1    | Entered Level 1 of the Realm of Zot
 76070 | Zot:5    | Entered Level 5 of the Realm of Zot
 76215 | Zot:5    | Noticed an orb of fire
 76222 | Zot:5    | Noticed an orb of fire
 76223 | Zot:5    | Noticed an orb of fire
 76225 | Zot:5    | Noticed an orb of fire
 76227 | Zot:5    | Noticed an orb of fire
 76231 | Zot:5    | Got the Orb of Zot
 76239 | Zot:5    | Noticed an ancient lich
 76239 | Zot:5    | Noticed an ancient lich
 76440 | D:23     | Gained mutation: Armour fits poorly on your unusually shaped body.
 76715 | Lair:1   | Learned a level 5 spell: Teleport Self
 76715 | Lair:1   | Identified the Orb of Zot (You found it on level 5 of the Realm of Zot)
 77050 | D:$      | Escaped with the Orb!
